 Dungeon Crawl Stone Soup version 0.32-a0-747-gc8563f6773 (webtiles) character file.

Game seed: 6620628204004197080

12136 gimp the Thaumaturge (level 12, -12/59 HPs)
             Began as a Kobold Earth Elementalist on Mar 17, 2024.
             Was an Elder of Kikubaaqudgha.
             Mangled by a two-headed ogre
             ... wielding a +0 giant club
              (26 damage)
             ... on level 12 of the Dungeon.
             The game lasted 00:21:06 (16065 turns).

gimp the Thaumaturge (Kobold Earth Elementalist)   Turns: 16065, Time: 00:21:07

Health: -12/59     AC:  7    Str:  5    XL:     12   Next: 16%
Magic:  27/41      EV: 18    Int: 20    God:    Kikubaaqudgha [****..]
Gold:   652        SH:  0    Dex: 17    Spells: 20/34 levels left

rFire   + . .        a - +2 dagger (venom)
rCold   . . .        (no shield)
rNeg    . . .        I - +2 robe {Will+}
rPois   .            (no helmet)
rElec   .            y - +0 cloak
rCorr   .            G - +1 pair of gloves
SInv    .            (no boots)
Will    +....        K
                       - Hermit's Pendant {Faith Invo=14 Evo=0 MP+5}
Stlth   +++          x - ring of magical power
HPRegen 0.29/turn    w - ring of protection from fire
MPRegen 0.27/turn

%: faith
@: studying Shields
A: small, no large weapons, nightstalker 3
a: Renounce Religion, Unearth Wretches


You were on level 12 of the Dungeon.
You worshipped Kikubaaqudgha.
Kikubaaqudgha was greatly pleased with you.
You visited 2 branches of the dungeon, and saw 13 of its levels.
You also visited: Bailey.

You collected 994 gold pieces.
You spent 342 gold pieces at shops.

Inventory:

Hand Weapons
 a - a +2 dagger of venom (weapon)
Missiles
 d - 7 curare-tipped darts
Armour
 y - a +0 cloak (worn)
 G - a +1 pair of gloves (worn)
 I - a +2 robe of willpower (worn)
Jewellery
 o - a ring of positive energy
 w - a ring of protection from fire (right hand)
 x - a ring of magical power (left hand)
 B - a ring of positive energy
 K - the Hermit's Pendant (around neck) {Faith Invo=14 Evo=0 MP+5}
   (You found it on level 8 of the Dungeon)

   [amulet of faith]

   Invo=14: It sets your Invocations skill to 14.
   Evo=0: It sets your Evocations skill to 0.
   Faith:     It allows you to gain divine favour quickly.
   MP+5:      It affects your magic capacity (+5).
 N - a +5 ring of evasion
 O - a ring of resist corrosion
Wands
 e - a wand of paralysis (10)
 H - a wand of flame (6)
 J - a wand of mindburst (23)
 M - a wand of roots (15)
Scrolls
 f - a scroll of torment
 i - 7 scrolls of teleportation
 k - a scroll of butterflies
 l - 3 scrolls of fog {unknown}
 m - a scroll of amnesia
 n - 2 scrolls of immolation {unknown}
 r - 5 scrolls of enchant armour
 v - 3 scrolls of revelation
 C - a scroll of fear
 D - a scroll of poison
 E - a scroll of vulnerability
 F - 2 scrolls of enchant weapon {unknown}
Potions
 b - 4 potions of magic
 c - 2 potions of heal wounds
 g - 2 potions of resistance
 h - a potion of curing
 j - a potion of ambrosia
 p - 4 potions of attraction
 q - 2 potions of cancellation
 s - 2 potions of invisibility
 t - a potion of mutation
 u - 3 potions of enlightenment
 z - 2 potions of brilliance
 A - a potion of might
 L - 2 potions of lignification


   Skills:
 + Level 8.0 Dodging
 - Level 2.6 Stealth
 + Level 11.5 Spellcasting
 - Level 5.0 Conjurations
 + Level 9.4 Necromancy
 - Level 9.0 Earth Magic


You had 20 spell levels left.
You knew the following spells:

 Your Spells              Type           Power      Damage    Failure   Level
a - Stone Arrow           Conj/Erth      78%        3d11      1%          3
b - Sandblast             Erth           94%        2d19      1%          1
c - Passwall              Erth           47%        N/A       1%          3
d - Blink                 Tloc           22%        N/A       9%          2
e - Borgnjor's Vile Clut  Necr/Erth      24%        N/A       3%          5

Your spell library contained the following spells:

 Spells                   Type           Power      Damage    Failure   Level
 Kiss of Death            Conj/Necr      100%       2d13      1%          1
 Magic Dart               Conj           100%       1d8       1%          1
 Necrotise                Necr           100%       1d9       1%          1
 Fugue of the Fallen      Necr           49%        N/A       1%          3
 Dispel Undead            Necr           49%        3d18      1%          4
 Cigotuvi's Dreadful Rot  Necr/Alch/Air  48%        N/A       2%          2
 Brom's Barrelling Bould  Conj/Erth      39%        2d6       3%          4
 Curse of Agony           Necr           49%        N/A       3%          5
 Call Imp                 Summ           22%        N/A       9%          2
 Anguish                  Hex/Necr       15%        N/A       9%          4
 Animate Armour           Summ/Erth      58%        N/A       10%         4
 Petrify                  Alch/Erth      29%        N/A       10%         4
 Tukima's Dance           Hex            11%        N/A       19%         3
 Manifold Assault         Tloc           11%        N/A       52%         4
 Passage of Golubria      Tloc           11%        N/A       52%         4
 Yara's Violent Unravell  Hex/Alch       5%         3d4       86%         5
 Dispersal                Tloc           5%         N/A       100%        6
 Disjunction              Tloc           5%         N/A       100%        8
 Lehudib's Crystal Spear  Conj/Erth      19%        10d6      100%        8


Dungeon Overview and Level Annotations

Branches:
Dungeon (12/15)            Temple (1/1) D:5            Lair (0/5) D:11
    Orc (0/2) D:12         Bailey (visited)

Altars:
Ashenzari
Dithmenos
Elyvilon
Fedhas
Gozag
Hepliaklqana
Kikubaaqudgha
Makhleb
Nemelex Xobeh
Okawaru
Qazlal
Ru
Sif Muna
Trog
Uskayaw
Wu Jian
Xom
Yredelemnul
Zin
The Shining One

Shops:
D:1 :([   D:2 *   D:10 [?

Portals:
Trove: D:11 (give +1 crystal plate armour)

Annotations:
D:4 Edmund
D:7 2 transporters, Gazog's ghost, novice VSEE
D:11 exclusion: oklob plant


Innate Abilities, Weirdness & Mutations

You are small and have problems with some larger weapons.
You are completely attuned to the shadows.


Message History

Aim: a vampire mosquito (wandering, hasn't noticed you, 57% to hit)
The stone arrow hits the vampire mosquito!!
The vampire mosquito is severely damaged.
The vampire mosquito buzzes angrily.
You now have 38/41 mp.
Casting: Stone Arrow (safe; 1% risk of failure)
Confirm with . or Enter, or press ? or * to list all spells.
Aiming: Stone Arrow (safe; 1% risk of failure)
Press: ? - help, Shift-Dir - straight line, f/p - vampire mosquito
Aim: a vampire mosquito (severely damaged, 57% to hit)
The stone arrow misses the vampire mosquito.
The vampire mosquito closely misses you. x2
You now have 35/41 mp.
Casting: Stone Arrow (safe; 1% risk of failure)
Confirm with . or Enter, or press ? or * to list all spells.
Aiming: Stone Arrow (safe; 1% risk of failure)
Press: ? - help, Shift-Dir - straight line, f/p - vampire mosquito
Aim: a vampire mosquito (severely damaged, 57% to hit)
The stone arrow misses the vampire mosquito.
The vampire mosquito misses you. The vampire mosquito barely misses you.
You now have 33/41 mp.
Casting: Stone Arrow (safe; 1% risk of failure)
Confirm with . or Enter, or press ? or * to list all spells.
Aiming: Stone Arrow (safe; 1% risk of failure)
Press: ? - help, Shift-Dir - straight line, f/p - vampire mosquito
Aim: a vampire mosquito (severely damaged, 57% to hit)
The stone arrow hits the vampire mosquito!!
You destroy the vampire mosquito!
Kikubaaqudgha accepts your kill.
Your Dodging skill increases to level 8!
You now have 30/41 mp.
Casting: Stone Arrow (safe; 1% risk of failure)
Confirm with . or Enter, or press ? or * to list all spells.
You can't see any susceptible monsters within range! (Use Z to cast anyway.)
You see here a vampire mosquito corpse.
There is a stone staircase leading up here.
Things that are here:
a +2 trident of protection; an orc corpse MP restored: 41
Casting: Stone Arrow (safe; 1% risk of failure)
Confirm with . or Enter, or press ? or * to list all spells.
You can't see any susceptible monsters within range! (Use Z to cast anyway.)
Something hits you but does no damage.
Deactivating autopickup; reactivate with Ctrl-A.
A two-headed ogre comes into view. It is wielding two +0 giant clubs.
Something hits you.
You take 2 damage, and have 57/59 hp.
Casting: Stone Arrow (safe; 1% risk of failure)
Confirm with . or Enter, or press ? or * to list all spells.
Okay, then.
Casting: Stone Arrow (safe; 1% risk of failure)
Confirm with . or Enter, or press ? or * to list all spells.
Aiming: Stone Arrow (safe; 1% risk of failure)
Press: ? - help, Shift-Dir - straight line, f - two-headed ogre
Aim: a two-headed ogre, wielding two +0 giant clubs (wandering, hasn't noticed you, 88% to hit)
The stone arrow hits the two-headed ogre.
The two-headed ogre is lightly wounded.
Something hits you!
You take 9 damage, and have 48/59 hp.
You now have 38/41 mp.
Casting: Stone Arrow (safe; 1% risk of failure)
Confirm with . or Enter, or press ? or * to list all spells.
Aiming: Stone Arrow (safe; 1% risk of failure)
Press: ? - help, Shift-Dir - straight line, f/p - two-headed ogre
Aim: a two-headed ogre, wielding two +0 giant clubs (lightly wounded, 88% to hit)
The stone arrow hits the two-headed ogre!
The two-headed ogre is moderately wounded.
Something hits you but does no damage.
You now have 35/41 mp.
Casting: Stone Arrow (safe; 1% risk of failure)
Confirm with . or Enter, or press ? or * to list all spells.
Aiming: Stone Arrow (safe; 1% risk of failure)
Press: ? - help, Shift-Dir - straight line, f/p - two-headed ogre
Aim: a two-headed ogre, wielding two +0 giant clubs (moderately wounded, 88% to hit)
The stone arrow hits the two-headed ogre!
The two-headed ogre is heavily wounded.
Something barely misses you.
You now have 32/41 mp.
Casting: Stone Arrow (safe; 1% risk of failure)
Confirm with . or Enter, or press ? or * to list all spells.
Aiming: Stone Arrow (safe; 1% risk of failure)
Press: ? - help, Shift-Dir - straight line, f/p - two-headed ogre
Aim: a two-headed ogre, wielding two +0 giant clubs (heavily wounded, 88% to hit)
The stone arrow hits the two-headed ogre!
The two-headed ogre is heavily wounded.
Something hits you but does no damage.
The two-headed ogre hits you with a +0 giant club!!
The two-headed ogre hits you with a +0 giant club!
* * * LOW HITPOINT WARNING * * *
You take 34 damage, and have 14/59 hp.
MASSIVE DAMAGE!!
You now have 30/41 mp.
Casting: Stone Arrow (safe; 1% risk of failure)
Confirm with . or Enter, or press ? or * to list all spells.
Aiming: Stone Arrow (safe; 1% risk of failure)
Press: ? - help, Shift-Dir - straight line, f/p - two-headed ogre
Aim: a two-headed ogre, wielding two +0 giant clubs (heavily wounded, 88% to hit)
The stone arrow hits the two-headed ogre!!
The two-headed ogre is almost dead.
Something barely misses you. The two-headed ogre barely misses you.
The two-headed ogre hits you with a +0 giant club!!
You die...
Kikubaaqudgha rasps: You have failed me!
Welcome... death!

.......$. .........
............
##...O...... .#
#ß..@...).# ..#
#.........###..#
+.[>).<†......# ##
#...[.........##..
#ß...........#.....
##...##....^.......
....##............
......##.#..#
.............


You could see a two-headed ogre.

Vanquished Creatures
  Sonja (D:10)
  Pikel (D:7)
  A deep elf pyromancer (D:12)
  An unseen horror (D:11)
  Psyche (D:8)
  A kobold demonologist (D:9)
  Grinder (D:5)
  A hornet (D:11)
  A troll (D:10)
  A wyvern (D:9)
  A vampire (D:11)
  A wraith (D:6)
  5 yaks (D:10)
  Grum (D:8)
  3 vampire mosquitoes
  Menkaure (D:7)
  4 steam dragons
  2 water moccasins
  An acid dragon (D:11)
  15 orc warriors
  A black bear (D:8)
  2 sky beasts
  An ice beast (D:8)
  16 centaurs
  5 ogres
  4 wolves (D:8)
  A lemure (D:7)
  A phantom (D:5)
  2 kobold brigands
  A gnoll sergeant (D:6)
  3 scorpions (D:5)
  5 bullfrogs
  8 wights
  11 killer bees
  3 howler monkeys
  2 bombardier beetles
  4 hounds
  3 gnoll boudas
  2 orc priests (D:7)
  3 jellies
  2 sleepcaps
  3 iguanas
  10 orc wizards
  18 gnolls
  6 adders
  A shadow imp (D:6)
  3 white imps
  A dart slug (D:2)
  2 ribbon worms (D:2)
  46 orcs
  9 ball pythons
  8 endoplasms
  6 giant cockroaches
  9 goblins
  15 hobgoblins
  10 jackals
  17 kobolds
  A quokka (D:2)
  6 bats
  3 frilled lizards
  7 rats
305 creatures vanquished.

Notes
Turn   | Place    | Note
-------+----------+-------------------------------------------
     0 | D:1      | gimp the Kobold Earth Elementalist began the quest for the
                  | Orb.
     0 | D:1      | Reached XP level 1. HP: 10/10 MP: 3/3
   292 | D:1      | Reached XP level 2. HP: 10/15 MP: 0/5
   407 | D:1      | Found Pog Ycuf's Weapon Shop.
   468 | D:1      | Found Juptaoj's Armour Emporium.
   556 | D:1      | Found a faded altar of an unknown god.
   623 | D:1      | Found Qideusk's Book Boutique.
   652 | D:1      | Reached XP level 3. HP: 19/19 MP: 5/7
  1193 | D:2      | Learned a level 3 spell: Stone Arrow
  1288 | D:2      | Reached skill level 3 in Spellcasting
  1288 | D:2      | Reached XP level 4. HP: 24/24 MP: 4/8
  1835 | D:2      | Reached XP level 5. HP: 28/28 MP: 6/9
  1941 | D:2      | Found Tyotauvve's Assorted Antiques.
  1945 | D:2      | Bought a white potion for 23 gold pieces
  1945 | D:2      | Bought a red potion for 23 gold pieces
  2276 | D:3      | Learned a level 3 spell: Passwall
  2279 | D:3      | Learned a level 2 spell: Blink
  2477 | D:3      | Found a glowing silver altar of Zin.
  3077 | D:4      | Noticed Edmund
  3303 | D:4      | Reached XP level 6. HP: 32/32 MP: 8/11
  3914 | D:5      | Entered Level 5 of the Dungeon
  4018 | D:5      | Reached skill level 5 in Earth Magic
  4018 | D:5      | Reached XP level 7. HP: 13/36 MP: 0/12
  4285 | D:5      | Reached skill level 4 in Spellcasting
  4420 | D:5      | Noticed Grinder
  4433 | D:5      | Killed Grinder
  4434 | D:5      | Reached skill level 5 in Conjurations
  4434 | D:5      | Reached XP level 8. HP: 26/41 MP: 0/14
  5084 | D:5      | Reached skill level 5 in Spellcasting
  5134 | D:5      | Found a staircase to the Ecumenical Temple.
  5141 | Temple   | Entered the Ecumenical Temple
  5150 | Temple   | Became a worshipper of Kikubaaqudgha
  6408 | D:6      | Noticed a wraith
  6414 | D:6      | Killed a wraith
  6415 | D:6      | Reached skill level 6 in Spellcasting
  6415 | D:6      | Reached XP level 9. HP: 33/45 MP: 13/18
  6890 | D:6      | Reached * piety under Kikubaaqudgha
  6890 | D:6      | Received a gift from Kikubaaqudgha
  7342 | D:6      | Reached skill level 1 in Necromancy
  7611 | D:6      | Reached skill level 7 in Spellcasting
  8363 | D:7      | Found a transporter.
  8366 | D:7      | Noticed Gazog's ghost (novice VSEE)
  8384 | D:7      | Found a transporter.
  8409 | D:7      | Reached ** piety under Kikubaaqudgha
  8411 | D:7      | Noticed Menkaure
  8412 | D:7      | Killed Menkaure
  8794 | D:7      | Noticed Pikel
  8807 | D:7      | Killed Pikel
  8808 | D:7      | Reached skill level 8 in Spellcasting
  8808 | D:7      | Reached XP level 10. HP: 50/50 MP: 11/22
  9171 | D:7      | Reached skill level 5 in Necromancy
  9482 | D:8      | Noticed Grum
  9486 | D:8      | Killed Grum
  9611 | D:8      | Reached skill level 9 in Spellcasting
  9853 | D:8      | Noticed Psyche
  9860 | D:8      | Killed Psyche
 10164 | D:8      | Found a shimmering blue altar of Sif Muna.
 10221 | D:8      | Found an ornate altar of the Wu Jian Council.
 10222 | D:8      | Found the Hermit's Pendant {Faith Invo=14 Evo=0 MP+5}
 10226 | D:8      | Found a blossoming altar of Fedhas.
 11125 | D:9      | Reached *** piety under Kikubaaqudgha
 11125 | D:9      | Received a gift from Kikubaaqudgha
 11132 | D:9      | Learned a level 5 spell: Borgnjor's Vile Clutch
 11208 | D:9      | Reached XP level 11. HP: 54/54 MP: 24/24
 11432 | D:9      | Reached skill level 10 in Spellcasting
 11825 | D:10     | Entered Level 10 of the Dungeon
 11850 | D:10     | Reached skill level 5 in Dodging
 12020 | D:10     | Found a flagged portal.
 12021 | D:10     | Noticed Sonja
 12026 | D:10     | Killed Sonja
 12033 | Bailey   | Entered a bailey
 12899 | Bailey   | Reached **** piety under Kikubaaqudgha
 13189 | Bailey   | Reached skill level 11 in Spellcasting
 14229 | D:10     | Found Coixtuuq's Antique Armour Shop.
 14233 | D:10     | Found Junout's Magic Scroll Shop.
 14238 | D:10     | Bought a scroll of noise for 16 gold pieces
 14238 | D:10     | Bought a scroll of identify for 32 gold pieces
 14238 | D:10     | Bought a scroll of identify for 32 gold pieces
 14238 | D:10     | Bought a scroll of identify for 32 gold pieces
 14244 | D:10     | Bought a scroll of identify for 32 gold pieces
 14244 | D:10     | Bought a scroll of identify for 32 gold pieces
 14244 | D:10     | Bought a scroll of revelation for 120 gold pieces
 14692 | D:11     | Found a staircase to the Lair.
 14694 | D:11     | Noticed an oklob plant
 14928 | D:11     | Found a portal to a secret trove of treasure.
 15223 | D:11     | Paralysed by a hornet for 3 turns
 15226 | D:11     | HP: 1/54 [poisoned by a hornet]
 15227 | D:11     | Reached XP level 12. HP: 1/59 MP: 27/27
 15846 | D:12     | Found a staircase to the Orcish Mines.
 16060 | D:12     | Noticed a two-headed ogre
 16065 | D:12     | Mangled by a two-headed ogre

Illustrated notes

Levels and vault maps discovered:
D:1:      psy_arrival_fountain, layout_basic, serial_shops, shop,
          nicolae_book_shop_shelving, shop,
          hellmonk_ecumenical_altar_inner_sanctum
D:2:      layout_rooms, serial_shops, nicolae_shop_just_a_little_nook,
          dreamdust_princess_corridor, minmay_vboxes
D:3:      layout_rooms, zin_statuary
D:4:      layout_loops_corners, serial_forest, infiniplex_forest_split,
          infiniplex_forest_straight_2, infiniplex_forest_lined_2,
          infiniplex_forest_clump_small, infiniplex_forest_clump_curved,
          infiniplex_forest_end_3, infiniplex_forest_straight_3,
          infiniplex_forest_corner_1, infiniplex_forest_lined_ring, uniq_edmund
D:5:      layout_loops_cross, minmay_temple_entry_gardened_gates,
          serial_bayou_pond_a, uniq_grinder
D:6:      kennysheep_housing_project, layout_loops_corners
D:7:      layout_loops_corners, gammafunk_ghost_stat_death, uniq_menkaure,
          uniq_pikel
D:8:      layout_loops_ring, grunt_temple_overflow_open,
          nicolae_overflow_hidden_temple, uniq_grum, uniq_psyche
D:9:      layout_loops_ring, grunt_ministairs_2, item_on_display_a
D:10:     layout_roguey, enter_bailey_2, nicolae_wooded_promenade, uniq_sonja
D:11:     layout_loops_ring, dpeg_oklobed_lair, nicolae_trove_entry_crossroad
D:12:     layout_cave_pools, minmay_orc_entry_temple_small,
          nicolae_looking_at_the_future
Temple:   nicolae_temple_superstar

Skill      XL: |  1  2  3  4  5  6  7  8  9 10 11 12 |
---------------+-------------------------------------+-----
Spellcasting   | 3 4 6 8 9 11 | 11.5
Conjurations   | 2 3 4 5 |  5.0
Earth Magic    | 4 5 8 9 |  9.0
Necromancy     | 4 7 9 |  9.4
Dodging        | 3 7 8 |  8.0
Stealth        | |  2.6

Action                     |  1- 3 |  4- 6 |  7- 9 | 10-12 || total
---------------------------+-------+-------+-------+-------++-------
  Melee: Dagger            |       |    34 |     3 |       ||    37
   Cast: Sandblast         |    39 |    94 |    11 |       ||   144
         Blink             |       |     1 |       |       ||     1
         Stone Arrow       |       |     3 |   145 |   261 ||   409
         Borgnjor's Vile C |       |       |       |     4 ||     4
  Evoke: Wand              |       |       |       |     2 ||     2
    Use: Scroll            |       |     7 |     3 |    11 ||    21
         Potion            |       |       |     2 |     1 ||     3
 Armour: Robe              |     1 |    40 |    24 |    56 ||   121
         Skin              |       |       |     1 |       ||     1
  Dodge: Dodged            |     2 |    94 |    31 |    65 ||   192

Table legend: (Time is in decaauts)
 A = Elapsed time spent in this place.
 B = Non-inter-level travel time spent in this place.
 C = Inter-level travel time spent in this place.
 D = Time resting spent in this place.
 E = Time spent auto-exploring this place.
 F = Levels seen in this place.
 G = Mean time per level.
                   A        B        C        D        E       F      G
               +--------+--------+--------+--------+--------+-----+--------+
         Total |  16159 |  15817 |    342 |    238 |  13748 |  14 | 1154.2 |
       Dungeon |  14542 |  14208 |    334 |     89 |  12595 |  12 | 1211.8 |
        Temple |     18 |     10 |      8 |      0 |      0 |   1 |   18.0 |
        Bailey |   1597 |   1597 |      0 |    149 |   1153 |   1 | 1597.0 |
               +--------+--------+--------+--------+--------+-----+--------+

Top non-repeatable levels by time:
     D:6: 2597 daAuts
  Bailey: 1597 daAuts
     D:5: 1464 daAuts
     D:7: 1452 daAuts
    D:11: 1279 daAuts
    D:10: 1255 daAuts
     D:9: 1202 daAuts
     D:8: 1187 daAuts
     D:1: 1186 daAuts
     D:4: 1033 daAuts
     D:2: 985 daAuts
     D:3: 770 daAuts
    D:12: 125 daAuts
  Temple: 18 daAuts
